Map: Orbital Shipyard

Players

CaptRaynor - Winner!

  • Race: Protoss Protoss
  • League: Grandmaster

Beatus

  • Race: Terran Terran

VOD

Have the link to the VOD?

Description

Time

  • Played on: Aug. 12, 2015, 5:37 p.m.
  • Length: 9:00
Show
View Real Time Build Order
Export as new Build Order

CaptRaynor Protoss - Winner!

Build Orders:  

Get SALT Encoding   

  12  0:01  Probe  
  13  0:13  Probe  
  14  0:19  Pylon  
  14  0:37  Probe (Chrono Boost)  
  15  0:48  Probe (Chrono Boost)  
  16  0:54  Probe  
  17  1:06  Probe  
  17  1:09  Gateway  
  18  1:11  Pylon  
  18  1:18  Assimilator  
  18  1:32  Forge  
  18  1:33  Probe  
  19  1:43  Gateway x2  
  19  1:47  Probe  
  20  2:01  Probe  
  21  2:11  Pylon  
  21  2:13  Probe  
  22  2:21  Zealot (Chrono Boost)  
  24  2:23  Assimilator  
  28  2:39  Cybernetics Core  
  28  2:42  Zealot x2 (Chrono Boost)  
  28  2:43  Photon Cannon  
  28  2:48  Photon Cannon  
  28  3:10  Zealot x2 (Chrono Boost)  
  30  3:17  Zealot (Chrono Boost)  
  30  3:21  Mothership Core  
  30  3:23  Pylon  
  25  3:43  Warp Gate (Chrono Boost)  
  25  3:47  Probe  
  26  4:03  Adept x2  
  26  4:07  Probe  
  31  4:28  Adept  
  33  4:48  Pylon  
  33  4:56  Nexus  
  33  5:01  Pylon  
  33  5:06  Probe  
  34  5:16  Pylon  
  34  5:29  Protoss Ground Weapons Level 1 (Chrono Boost)  
  34  5:35  Probe  
  35  5:43  Sentry x3  
  35  5:47  Probe  
  42  5:52  Pylon  
  42  5:56  Gateway  
  42  5:58  Pylon  
  42  6:09  Probe x2  
  44  6:26  Adept x3  
  44  6:31  Probe  
  51  6:34  Probe  
  52  6:48  Probe x2  
  54  6:56  Stalker x3  
  54  6:59  Sentry  
  62  7:02  Probe  
  62  7:04  Probe  
  64  7:16  Probe x2  
  64  7:22  Pylon  
  66  7:29  Probe x2  
  68  7:30  Twilight Council  
  68  7:33  Zealot x2  
  68  7:34  Sentry  
  74  7:46  Assimilator  
  74  7:53  Probe x2  
  74  7:57  Adept  
  74  7:58  Adept x3  
  84  8:26  Probe x2  
  86  8:39  Adept x3  
Show
View Real Time Build Order
Export as new Build Order

Beatus Terran 

Build Orders: Reaper Expand 

Get SALT Encoding   

  12  0:09  Supply Depot  
  12  0:19  SCV  
  13  0:32  SCV  
  13  0:35  Barracks  
  14  0:45  Barracks  
  14  0:59  SCV  
  15  1:12  SCV  
  16  1:19  Barracks  
  16  1:24  SCV, Marine  
  18  1:32  Refinery  
  18  1:34  Marine  
  18  1:36  SCV  
  20  1:44  Marine  
  21  1:52  Marine  
  22  2:01  Marine  
  22  2:08  Supply Depot  
  23  2:29  Marine x2  
  25  2:31  Supply Depot  
  25  2:37  Marine  
  25  2:41  SCV  
  27  2:47  Marine x2  
  29  3:05  Marine  
  30  3:08  Marine x2  
  25  3:28  Marine x3  
  15  3:55  Orbital Command  
  15  4:08  Refinery  
  15  4:24  SCV  
  16  4:37  SCV  
  14  4:45  Marine  
  11  4:55  SCV  
  12  5:07  SCV  
  13  5:19  SCV  
  14  5:32  SCV  
  15  5:38  Command Center  
  15  5:44  SCV  
  15  5:45  Barracks Tech Lab  
  16  5:54  Reaper  
  17  5:59  SCV  
  18  6:06  Bunker  
  18  6:09  Marauder  
  20  6:16  Concussive Shells  
  20  6:18  Barracks Tech Lab  
  20  6:22  SCV  
  21  6:37  SCV  
  21  6:43  Refinery  
  21  6:47  Bunker  
  21  6:53  Marauder  
  23  6:56  Marauder  
  23  7:00  SCV  
  26  7:07  SCV  
  27  7:24  Marine  
  28  7:40  Orbital Command  
  28  7:43  SCV  
  29  7:52  Factory  
  29  7:56  SCV, Marauder  
  29  7:57  Marauder  
  34  8:05  Engineering Bay  
Tags
 
Add a new tag
Caveats
  • Supply blocks, unpowered buildings, or Contaminate may cause inaccurate times.
  • Supply counts are checked every 10 seconds.